 Dungeon Crawl Stone Soup version 0.25-a0-890-g62861fb (webtiles) character file.

Game seed: 5448920716886431388, levelgen mode: deterministic

34 BlueFish the Grasshopper (level 3, -2/24 HPs)
             Began as an Octopode Warper on May 10, 2020.
             Killed from afar by Sigmund (6 damage)
             ... with a magic dart
             ... on level 2 of the Dungeon.
             The game lasted 00:02:32 (768 turns).

BlueFish the Grasshopper (Octopode Warper)           Turns: 768, Time: 00:02:32

Health: -2/24      AC:  1    Str: 11    XL:     3   Next: 31%
Magic:  6/6        EV: 13    Int: 15    God:
Gold:   15         SH:  0    Dex: 11    Spells: 2/6 levels left

rFire    . . .     SeeInvis .     - Unarmed
rCold    . . .     Gourm    .   (no shield)
rNeg     . . .     Faith    .   (helmet restricted)
rPois    .         Spirit   .   f - amulet of magic regeneration
rElec    .         Reflect  .   (no ring)
rCorr    .         Harm     .   (no ring)
MR       .....                  (no ring)
Stlth    +++.......             (no ring)
HPRegen  0.08/turn              (no ring)
MPRegen  0.35/turn              (no ring)
                                (no ring)
                                (no ring)

@: no status effects
A: almost no armour, stealthy swim, amphibious, 8 rings, constrict 8, camouflage
1, gelatinous body 1
a: no special abilities


You were on level 2 of the Dungeon.
You were not hungry.

You visited 1 branch of the dungeon, and saw 2 of its levels.

You collected 15 gold pieces.

Inventory:

Missiles
 c - 5 boomerangs of dispersal (quivered)
Jewellery
 f - an amulet of magic regeneration (around mantle)
Scrolls
 b - a scroll of blinking
Potions
 a - a potion of lignification {unknown}
 e - 2 potions of mutation {unknown}
 h - a potion of stabbing {unknown}
 j - a potion of berserk rage {unknown}
 k - 2 potions of curing {unknown}
Comestibles
 d - a ration


   Skills:
 * Level 2.2 Fighting
 * Level 1.2 Throwing
 * Level 2.7 Dodging
 * Level 1.1 Stealth
 * Level 2.6 Unarmed Combat
 + Level 2.1 Spellcasting
 * Level 3.0 Translocations


You had 2 spell levels left.
You knew the following spells:

 Your Spells              Type           Power        Failure   Level  Hunger
a - Shroud of Golubria    Chrm/Tloc      #.....       19%         2    ###....
b - Blink                 Tloc           N/A          10%         2    ###....

Your spell library contained the following spells:

 Spells                   Type           Power        Failure   Level  Hunger
 Gell's Gravitas          Tloc           ##........   19%         3    ###....
 Lesser Beckoning         Tloc           ##........   19%         3    ###....
 Teleport Other           Tloc           ##......     19%         3    ###....
 Passage of Golubria      Tloc           N/A          54%         4    #####..


Dungeon Overview and Level Annotations

Branches:
Dungeon (2/15)

Altars:

Annotations:
D:2 Sigmund


Innate Abilities, Weirdness & Mutations

You cannot wear most types of armour.
You are very stealthy in the water. (Stealth+)
You are amphibious.
You can wear up to eight rings at the same time.
You can use your tentacles to constrict eight enemies at once.
Your skin changes colour to match your surroundings (Stealth+).
Your rubbery body absorbs attacks. (AC +1, EV +1)


Message History

You constrict Sigmund. Sigmund completely misses you.
You tentacle-slap Sigmund but do no damage.
Sigmund is moderately wounded.
You constrict Sigmund, but do no damage.
You tentacle-slap Sigmund.
Sigmund is moderately wounded.
You constrict Sigmund.
Sigmund flickers, as though insubstantial.
Sigmund gestures at you while chanting. The puff of flame hits you!
* * * LOW HITPOINT WARNING * * *
You tentacle-slap Sigmund.
Sigmund is heavily wounded.
You constrict Sigmund. Sigmund hits you with a +0 scythe.
* * * LOW HITPOINT WARNING * * *
Okay, then.
You release your grip on Sigmund.
Sigmund casts a spell at you. The magic dart hits you.
You die...

#..........#.#
#..........#.#
#..........#.#
###.#......#.# ##
#.#......#.###.#
#.#............######
#........#...@.......
####.......#.#.######
.........#@#...
#######...#.#####
#../#.# #...#^.
....### #....


You could see Sigmund.

Vanquished Creatures
  2 oozes (D:1)
  A dart slug (D:1)
  2 bats (D:1)
  3 goblins (D:1)
  4 hobgoblins (D:1)
  4 kobolds
  5 frilled lizards
  A rat (D:1)
22 creatures vanquished.

Notes
Turn   | Place    | Note
-------+----------+-------------------------------------------
     0 | D:1      | BlueFish the Octopode Warper began the quest for the Orb.
     0 | D:1      | Reached XP level 1. HP: 14/14 MP: 3/3
    50 | D:1      | Reached XP level 2. HP: 13/19 MP: 5/5
    65 | D:1      | Learned a level 2 spell: Shroud of Golubria
    68 | D:1      | Learned a level 2 spell: Blink
   381 | D:1      | Reached XP level 3. HP: 19/24 MP: 6/6
   457 | D:1      | Reached skill level 1 in Stealth
   751 | D:2      | Noticed Sigmund
   768 | D:2      | Killed from afar by Sigmund

Levels and vault maps discovered:
D:1:      heliophobic_arrival_glass_houses, layout_rooms
D:2:      layout_basic, tgw_trog, uniq_jessica, uniq_sigmund

Skill      XL: |  1  2  3 |
---------------+----------+-----
Stealth        | 1 |  1.1
Fighting       | |  2.2
Throwing       | |  1.2
Dodging        | |  2.7
Unarmed Combat | |  2.6
Spellcasting   | |  2.1
Translocations | |  3.0

Action                   || total
-------------------------++-------
Melee: Unarmed           ||    60
       Tentacles         ||     5
       Constrict         ||     9
       Punch             ||     1
 Cast: Shroud of Golubri ||     7
  Use: Scroll            ||     3
 Stab: Sleeping          ||     7
Armor: Skin              ||     4
Dodge: Dodged            ||    31

Table legend:
 A = Non-vault XP
 B = Vault XP
 C = Vault XP percentage of total XP
 D = Non-vault monster count
 E = Vault monster count
 F = Vault count percentage of total count
                 A         B        C        D         E       F
            +---------+---------+-------+---------+---------+-------
      Total |      49 |       0 |   0.0 |      22 |       0 |   0.0
            +---------+---------+-------+---------+---------+-------
        D:1 |      46 |       0 |   0.0 |      20 |       0 |   0.0
        D:2 |       3 |       0 |   0.0 |       2 |       0 |   0.0
            +---------+---------+-------+---------+---------+-------
